 Dungeon Crawl Stone Soup version 0.32-a0-975-g85d4e5bfdb (webtiles) character file.

Game seed: 2188547332426484209

47 Maxmaps the Trooper (level 3, 0/40 HPs)
             Began as an Oni Shapeshifter on Apr 18, 2024.
             Slain by a ribbon worm (3 damage)
             ... on level 2 of the Dungeon.
             The game lasted 00:01:20 (878 turns).

Maxmaps the Trooper (Oni Shapeshifter)               Turns: 878, Time: 00:01:21

Health: 0/40       AC:  3    Str: 18    XL:     3   Next: 70%
Magic:  3/3        EV:  8    Int: 13    God:
Gold:   63         SH:  0    Dex:  8    Spells: 2/2 levels left

rFire   . .          .
                       - Unarmed
rCold   . . .        (no shield)
rNeg    . . .        a - +0 animal skin
rPois   .            (helmet currently unavailable)
rElec   .            (cloak currently unavailable)
rCorr   .            (gloves unavailable)
SInv    +            (boots unavailable)
Will    .....        (no amulet)
Stlth   +            g - ring of see invisible
HPRegen 0.26/turn    (no ring)
MPRegen 0.08/turn

%: no passive effects
@: beast-form
A: beast (slay +1), large, unfitting armour, horns 1, tough skin 1, double
potion healing, drunken brawling
a: Begin Untransformation


You were on level 2 of the Dungeon.
You were a hulking beast.
You visited 1 branch of the dungeon, and saw 2 of its levels.

You collected 63 gold pieces.

Inventory:

Hand Weapons
 e - a +0 whip
Armour
 a - a +0 animal skin (worn)
 m - a +0 cloak
Jewellery
 g - a ring of see invisible (left hand)
Talismans
 c - a beast talisman (active)
 d - a flux talisman
Scrolls
 f - a scroll of identify {unknown}
 h - a scroll of teleportation {unknown}
 i - a scroll of poison {unknown}
 k - a scroll of brand weapon {unknown}
Potions
 b - a potion of lignification
 j - 2 potions of heal wounds {unknown}
 l - a potion of curing {unknown}
 n - a potion of might {unknown}


   Skills:
 + Level 4.6 Fighting
 - Level 1.7 Dodging
 - Level 2.6 Unarmed Combat
 - Level 3.0 Shapeshifting


You had 2 spell levels left.
You didn't know any spells.
Your spell library was empty.

Dungeon Overview and Level Annotations

Branches:
Dungeon (2/15)

Altars:


Innate Abilities, Weirdness & Mutations

You are a hulking beast.
Your limbs bulge with bestial killing power. (Slay +1)
You are too large for most types of armour.
You have a pair of small horns on your head.
You have tough skin. (AC +1)
You gain doubled healing and magic from potions.
Whenever you drink a healing potion, you attack all around you.


Message History

Robin is almost dead.
Robin hits you with a +0 short sword.
* * * LOW HITPOINT WARNING * * *
You hit Robin but do no damage. Your headbutt misses Robin.
Robin is almost dead.
Robin hits you with a +0 short sword.
* * * LOW HITPOINT WARNING * * *
You hit Robin.
You kill Robin!
Items here: )) [[ ††††.
A ribbon worm comes into view.
The ribbon worm expels a string of sticky webbing.
The stream of webbing hits you but does no damage.
You are caught in a web!
There is a web here.
Items here: ))) ††.
You struggle to detach yourself from the web.
The web tears apart.
Items here: )) [[ ††††.
Things that are here:
a +0 dagger; a goblin corpse The ribbon worm expels a string of sticky webbing.
The stream of webbing hits you but does no damage.
You are caught in a web!
There is a web here.
The web tears apart.
Things that are here:
a +0 dagger; a goblin corpse You punch the ribbon worm!
You headbutt the ribbon worm.
The ribbon worm is severely wounded.
The ribbon worm barely misses you.
You hit the ribbon worm.
You headbutt the ribbon worm, but do no damage.
The ribbon worm is almost dead.
The ribbon worm bites you.
* * * LOW HITPOINT WARNING * * *
You barely miss the ribbon worm. Your headbutt misses the ribbon worm.
The ribbon worm is almost dead.
The ribbon worm bites you.
You die...

..# #... #.# #... #.#
#.<# #.# #..# #.#
#..# ... #..######
..# #.......# ###
#############)#####.#
# #.........hw).# #
#.############# # #.#
#.# #.# #.# #.#.###
#.#...# # #.#.#.#


You could see a ribbon worm.

Vanquished Creatures
  Robin (D:2)
  A dart slug (D:1)
  4 bats
  3 endoplasms (D:2)
  7 goblins (D:2)
  8 hobgoblins
  A kobold (D:1)
  A quokka (D:1)
  2 ball pythons
  A frilled lizard (D:1)
  A rat (D:2)
30 creatures vanquished.

Notes
Turn   | Place    | Note
-------+----------+-------------------------------------------
     0 | D:1      | Maxmaps the Oni Shapeshifter began the quest for the Orb.
     0 | D:1      | Reached XP level 1. HP: 19/19 MP: 1/1
   170 | D:1      | Reached skill level 2 in Fighting
   175 | D:1      | Reached XP level 2. HP: 14/29 MP: 2/2
   295 | D:1      | Reached skill level 3 in Fighting
   822 | D:2      | Noticed Robin
   835 | D:2      | Reached XP level 3. HP: 17/39 MP: 3/3
   842 | D:2      | Reached skill level 4 in Fighting
   866 | D:2      | Killed Robin
   878 | D:2      | Slain by a ribbon worm

Illustrated notes

Levels and vault maps discovered:
D:1:      eino_arrival_druids_welcome, layout_basic,
          chequers_serial_rivers_room_b
D:2:      layout_loops_ring, ebering_ecumenical_altar_petrified, uniq_robin,
          uniq_sigmund

Skill      XL: |  1  2  3 |
---------------+----------+-----
Fighting       | 2 3 4 |  4.6
Dodging        | |  1.7
Unarmed Combat | |  2.6
Shapeshifting  | |  3.0

Action                     || total
---------------------------++-------
  Melee: Unarmed           ||    72
         Headbutt          ||    10
         Punch             ||     2
 Armour: Animal skin       ||    54
  Dodge: Dodged            ||    27

Table legend: (Time is in decaauts)
 A = Elapsed time spent in this place.
 B = Non-inter-level travel time spent in this place.
 C = Inter-level travel time spent in this place.
 D = Time resting spent in this place.
 E = Time spent auto-exploring this place.
 F = Levels seen in this place.
 G = Mean time per level.
                   A        B        C        D        E       F      G
               +--------+--------+--------+--------+--------+-----+--------+
         Total |    873 |    849 |     24 |     59 |    625 |   2 |  436.5 |
       Dungeon |    873 |    849 |     24 |     59 |    625 |   2 |  436.5 |
               +--------+--------+--------+--------+--------+-----+--------+

Top non-repeatable levels by time:
     D:1: 582 daAuts
     D:2: 290 daAuts
